 Dungeon Crawl Stone Soup version 0.31-a0-204-g7da18cac08 (webtiles) character file.

Game seed: 10471011388255745126

2176 brknglss the Destroyer (level 9, -5/65 HPs)
             Began as a Gnoll Conjurer on June 27, 2023.
             Was an Initiate of Ashenzari.
             Slain by a killer bee (7 damage)
             ... on level 7 of the Dungeon.
             The game lasted 00:20:35 (7493 turns).

brknglss the Destroyer (Gnoll Conjurer)             Turns: 7493, Time: 00:20:36

Health: -5/65      AC:  5    Str:  7    XL:     9   Next: 32%
Magic:  11/19      EV: 13    Int: 22    God:    Ashenzari [......]
Gold:   264        SH:  0    Dex: 10    Spells: 12/21 levels left

rFire   . . .        w - +2 dagger (holy)
rCold   . . .        (no shield)
rNeg    . . .        a - +0 robe
rPois   .            o - +0 helmet
rElec   .            G - scarf {shadows}
rCorr   +            d - +0 pair of gloves
SInv    .            e - +0 pair of boots
Will    .....        (no amulet)
Stlth   +++          B - ring of resist corrosion
HPRegen 0.30/turn    (no ring)
MPRegen 0.16/turn

%: no passive effects
@: lethally poisoned (-5 -> -42), very slightly contaminated, slowed, very slow
A: fangs 1, strong nose, distributed training
a: Renounce Religion, Curse Item


You were on level 7 of the Dungeon.
You worshipped Ashenzari.
Ashenzari was noncommittal.
You visited 2 branches of the dungeon, and saw 8 of its levels.

You collected 264 gold pieces.

Inventory:

Hand Weapons
 w - a +2 dagger of holy wrath (weapon)
Missiles
 f - 4 poisoned darts (quivered)
Armour
 a - a +0 robe (worn)
 c - the +0 leather armour "Rimou" {Regen+ Str+2}
   (You found it on level 2 of the Dungeon)

   Str:       It affects your strength (+2).
   Regen:     It increases your rate of health regeneration.
 d - a +0 pair of gloves (worn)
 e - a +0 pair of boots (worn)
 o - a +0 helmet (worn)
 G - a scarf of shadows (worn)
Jewellery
 B - a ring of resist corrosion (left hand)
 D - an amulet of regeneration
Wands
 F - a wand of digging (3)
Scrolls
 h - a scroll of torment {unknown}
 i - a scroll of amnesia {unknown}
 k - a scroll of fog {unknown}
 l - 2 scrolls of noise {unknown}
 n - 2 scrolls of enchant weapon {unknown}
 p - 3 scrolls of blinking {unknown}
 r - a scroll of fear {unknown}
 x - a scroll of enchant armour {unknown}
 y - a scroll of revelation {unknown}
 A - 2 scrolls of immolation {unknown}
 C - 2 scrolls of teleportation {unknown}
Potions
 b - a potion of magic
 g - 2 potions of enlightenment
 j - a potion of brilliance
 m - 2 potions of heal wounds
 q - 3 potions of mutation
 s - 2 potions of resistance {unknown}
 t - a potion of berserk rage {unknown}
 u - a potion of haste {unknown}
 v - a potion of curing {unknown}
 z - 3 potions of attraction {unknown}
 E - a potion of cancellation {unknown}
 H - a potion of might {unknown}


   Skills:
 + Level 4.3 Fighting
 + Level 4.3 Short Blades
 + Level 4.3 Long Blades
 + Level 4.3 Axes
 + Level 4.3 Maces & Flails
 + Level 4.3 Polearms
 + Level 4.3 Staves
 + Level 4.3 Ranged Weapons
 + Level 4.3 Throwing
 + Level 4.3 Armour
 + Level 6.3 Dodging
 + Level 6.1 Stealth
 + Level 4.3 Shields
 + Level 4.3 Unarmed Combat
 + Level 6.7 Spellcasting
 + Level 8.0 Conjurations
 + Level 3.5 Hexes
 + Level 3.5 Summonings
 + Level 3.5 Necromancy
 + Level 3.5 Translocations
 + Level 3.5 Transmutations
 + Level 3.5 Fire Magic
 + Level 3.5 Ice Magic
 + Level 3.5 Air Magic
 + Level 3.5 Earth Magic
 + Level 3.5 Poison Magic
 + Level 4.7 Invocations
 + Level 4.3 Evocations


You had 12 spell levels left.
You knew the following spells:

 Your Spells              Type           Power      Damage    Failure   Level
a - Magic Dart            Conj           100%       1d8       1%          1
b - Searing Ray           Conj           84%        2d7       1%          2
c - Poisonous Vapours     Pois/Air       46%        N/A       3%          2
d - Fulminant Prism       Conj/Hex       16%        3d11      8%          4

Your spell library contained the following spells:

 Spells                   Type           Power      Damage    Failure   Level
 Sting                    Tmut/Pois      92%        1d7       1%          1
 Dazzling Flash           Conj/Hex       64%        N/A       2%          3
 Lesser Beckoning         Tloc           46%        N/A       3%          2
 Call Canine Familiar     Summ           23%        N/A       6%          3
 Gell's Gravitas          Tloc           23%        N/A       6%          3
 Portal Projectile        Hex/Tloc       46%        N/A       6%          3
 Teleport Other           Tloc           23%        N/A       6%          3
 Iskenderun's Mystic Bla  Conj/Tloc      32%        2d8       8%          4
 Leda's Liquefaction      Hex/Erth       11%        N/A       21%         4
 Olgreb's Toxic Radiance  Pois           23%        N/A       21%         4
 Agony                    Necr           23%        N/A       50%         5
 Silence                  Hex/Air        11%        N/A       50%         5


Dungeon Overview and Level Annotations

Branches:
Dungeon (7/15)             Temple (1/1) D:5

Altars:
Ashenzari
Cheibriados
Dithmenos
Elyvilon
Fedhas
Gozag
Hepliaklqana
Kikubaaqudgha
Makhleb
Nemelex Xobeh
Okawaru
Qazlal
Ru
Sif Muna
Trog
Uskayaw
Wu Jian
Xom
Yredelemnul
Zin

Shops:
D:2 *   D:6 =


Innate Abilities, Weirdness & Mutations

You have very sharp teeth.
Your uncanny sense of smell can sniff out nearby items.
Your experience applies equally to all skills.


Message History

Confirm with . or Enter, or press ? or * to list all spells.
Aiming: Fulminant Prism (dangerous; 8% risk of failure)
Press: ? - help, Dir - move target You conjure a prism of explosive energy!
A fulminant prism comes into view.
You feel very sick. The killer bee barely misses you.
The killer bee stings you.
You are more poisoned.
The killer bee poisons you! The killer bee stings you.
You are more poisoned.
The killer bee poisons you!
The killer bee completely misses you. x2
The killer bee stings you.
You are lethally poisoned!
The killer bee poisons you! The killer bee stings you.
* * * LOW HITPOINT WARNING * * *
The killer bee stings you.
* * * LOW HITPOINT WARNING * * *
The killer bee stings you but does no damage.
The killer bee stings you.
* * * LOW HITPOINT WARNING * * *
The killer bee stings your fulminant prism but does no damage.
The killer bee misses you. The killer bee barely misses you.
* * * LOW HITPOINT WARNING * * *
You feel extremely sick.
The killer bee stings you but does no damage.
The killer bee barely misses you.
The killer bee stings your fulminant prism.
The killer bee stings you.
* * * LOW HITPOINT WARNING * * *
You are more poisoned.
The killer bee poisons you!
The killer bee stings you but does no damage.
The killer bee stings your fulminant prism but does no damage.
The killer bee barely misses you. The killer bee closely misses you.
Your fulminant prism crackles loudly.
The killer bee stings your fulminant prism but does no damage.
The killer bee stings you.
* * * LOW HITPOINT WARNING * * *
The killer bee stings you!
You die...

#......#
#......#
#......#
#.......
###.......
######.z....?..
#..*yy.#)......
#.yyyz##.......
#.(@y########..
#....# # #....#
######


You could see 6 killer bees, 2 wights and a friendly fulminant prism.

Vanquished Creatures
  Pikel (D:5)
  Menkaure (D:5)
  An ice beast (D:6)
  2 ogres
  3 bullfrogs (D:6)
  3 scorpions
  5 wights
  4 killer bees
  A howler monkey (D:6)
  A hound (D:6)
  A sleepcap (D:5)
  Ijyb (D:4)
  4 iguanas
  An orc wizard (D:5)
  Robin (D:2)
  4 gnolls (D:6)
  7 adders
  A shadow imp (D:5)
  5 white imps
  4 worms
  5 dart slugs
  8 orcs
  5 ball pythons
  8 bats
  9 endoplasms
  7 giant cockroaches
  12 hobgoblins
  2 jackals (D:1)
  7 kobolds
  A quokka (D:2)
  5 frilled lizards
  17 goblins
  7 rats
144 creatures vanquished.

Vanquished Creatures (others)
  11 fulminant prisms
11 creatures vanquished.

Grand Total: 155 creatures vanquished

Notes
Turn   | Place    | Note
-------+----------+-------------------------------------------
     0 | D:1      | brknglss the Gnoll Conjurer began the quest for the Orb.
     0 | D:1      | Reached XP level 1. HP: 13/13 MP: 6/6
   158 | D:1      | Reached XP level 2. HP: 19/19 MP: 4/7
   556 | D:1      | Reached skill level 5 in Spellcasting
   556 | D:1      | Reached XP level 3. HP: 25/25 MP: 4/9
  1008 | D:1      | Reached skill level 1 in Invocations
  1172 | D:1      | Learned a level 2 spell: Searing Ray
  1294 | D:1      | Found a faded altar of an unknown god.
  1485 | D:2      | Reached skill level 1 in Fighting
  1485 | D:2      | Reached skill level 1 in Short Blades
  1485 | D:2      | Reached skill level 1 in Long Blades
  1485 | D:2      | Reached skill level 1 in Axes
  1485 | D:2      | Reached skill level 1 in Maces & Flails
  1485 | D:2      | Reached skill level 1 in Polearms
  1485 | D:2      | Reached skill level 1 in Staves
  1485 | D:2      | Reached skill level 1 in Ranged Weapons
  1485 | D:2      | Reached skill level 1 in Throwing
  1485 | D:2      | Reached skill level 1 in Armour
  1485 | D:2      | Reached skill level 1 in Shields
  1485 | D:2      | Reached skill level 1 in Unarmed Combat
  1485 | D:2      | Reached skill level 1 in Evocations
  1491 | D:2      | Reached XP level 4. HP: 32/32 MP: 3/11
  1557 | D:2      | Learned a level 2 spell: Poisonous Vapours
  1708 | D:2      | Noticed a scorpion
  1712 | D:2      | Killed a scorpion
  1713 | D:2      | Reached skill level 1 in Hexes
  1713 | D:2      | Reached skill level 1 in Summonings
  1713 | D:2      | Reached skill level 1 in Necromancy
  1713 | D:2      | Reached skill level 1 in Translocations
  1713 | D:2      | Reached skill level 1 in Transmutations
  1713 | D:2      | Reached skill level 1 in Fire Magic
  1713 | D:2      | Reached skill level 1 in Ice Magic
  1713 | D:2      | Reached skill level 1 in Air Magic
  1713 | D:2      | Reached skill level 1 in Earth Magic
  1713 | D:2      | Reached skill level 1 in Poison Magic
  1713 | D:2      | Reached XP level 5. HP: 37/37 MP: 5/12
  1827 | D:2      | Found Qanininu's General Store.
  2127 | D:2      | Noticed Robin
  2133 | D:2      | Killed Robin
  2483 | D:2      | Identified the +0 leather armour "Rimou" {Regen+ Str+2}
  2813 | D:3      | Found a shadowy altar of Dithmenos.
  3085 | D:3      | Reached XP level 6. HP: 44/44 MP: 9/13
  3114 | D:3      | Found an ancient bone altar of Kikubaaqudgha.
  3527 | D:4      | Noticed Ijyb
  3536 | D:4      | Killed Ijyb
  3702 | D:4      | Reached skill level 5 in Dodging
  3788 | D:4      | Found a shimmering altar of Xom.
  4477 | D:5      | Entered Level 5 of the Dungeon
  4489 | D:5      | Noticed Menkaure
  4494 | D:5      | Killed Menkaure
  4495 | D:5      | Reached XP level 7. HP: 51/51 MP: 15/15
  4526 | D:5      | Found a broken altar of Ashenzari.
  4584 | D:5      | Became a worshipper of Ashenzari the Shackled
  4806 | D:5      | Noticed Pikel
  4833 | D:5      | Killed Pikel
  4834 | D:5      | Reached skill level 5 in Stealth
  4834 | D:5      | Reached XP level 8. HP: 28/58 MP: 6/17
  4938 | D:5      | Found a stormy altar of Qazlal.
  5657 | D:5      | Found a staircase to the Ecumenical Temple.
  5666 | Temple   | Entered the Ecumenical Temple
  5782 | D:5      | Learned a level 4 spell: Fulminant Prism
  6229 | D:6      | Found a glowing silver altar of Zin.
  6253 | D:6      | Reached XP level 9. HP: 39/65 MP: 8/18
  6479 | D:6      | Found Mofetzoo's One-of-a-Kind Rings.
  6773 | D:6      | Found a burning altar of Makhleb.
  6828 | D:6      | Reached skill level 8 in Conjurations
  7493 | D:7      | HP: 2/65 [killer bee (4)]
  7493 | D:7      | Slain by a killer bee

Illustrated notes

Levels and vault maps discovered:
D:1:      pf_arrival_petrified_forest, layout_loops_corners,
          dreamdust_ecumenical_altar_sealed_demon
D:2:      layout_loops_ring, serial_shops, shop, uniq_robin
D:3:      layout_loops_ring, nicolae_dithmenos_shadow_blocks,
          amcnicky_altar_gilded
D:4:      layout_loops_corners, mainiacjoe_overflow_alcove_2, uniq_ijyb
D:5:      layout_cave_pools, old_standard_altar, nicolae_overflow_crystal_walls,
          minmay_temple_entry_poolview, uniq_menkaure, uniq_pikel
D:6:      layout_basic, lemuel_coloured_pillars_altar, zin_academy,
          serial_glass, glass_columns_b, glass_columns_c, glass_columns_b,
          glass_columns_c, glass_columns_a, glass_columns_c, feat_on_display,
          feat_on_display, item_on_display_a, serial_park_tiny_pond,
          amcnicky_mini_corridor_feature, nicolae_shop_unique_rings
D:7:      layout_rooms
Temple:   compressed_dpeg_triangle_lava_temple

Skill      XL: |  1  2  3  4  5  6  7  8  9 |
---------------+----------------------------+-----
Spellcasting   | 5 6 |  6.7
Invocations    | 1 2 3 4 |  4.7
Fighting       | 1 2 3 4 |  4.3
Short Blades   | 1 2 3 4 |  4.3
Long Blades    | 1 2 3 4 |  4.3
Axes           | 1 2 3 4 |  4.3
Maces & Flails | 1 2 3 4 |  4.3
Polearms       | 1 2 3 4 |  4.3
Staves         | 1 2 3 4 |  4.3
Ranged Weapons | 1 2 3 4 |  4.3
Throwing       | 1 2 3 4 |  4.3
Armour         | 1 2 3 4 |  4.3
Shields        | 1 2 3 4 |  4.3
Unarmed Combat | 1 2 3 4 |  4.3
Evocations     | 1 2 3 4 |  4.3
Hexes          | 1 2 3 |  3.5
Summonings     | 1 2 3 |  3.5
Necromancy     | 1 2 3 |  3.5
Translocations | 1 2 3 |  3.5
Transmutations | 1 2 3 |  3.5
Fire Magic     | 1 2 3 |  3.5
Ice Magic      | 1 2 3 |  3.5
Air Magic      | 1 2 3 |  3.5
Earth Magic    | 1 2 3 |  3.5
Poison Magic   | 1 2 3 |  3.5
Dodging        | 5 6 |  6.3
Stealth        | 5 6 |  6.1
Conjurations   | 8 |  8.0

Action                     |  1- 3 |  4- 6 |  7- 9 || total
---------------------------+-------+-------+-------++-------
  Melee: Dagger            |    29 |    79 |    15 ||   123
         Bite              |     2 |     9 |       ||    11
         Punch             |       |       |     2 ||     2
   Cast: Magic Dart        |    62 |    50 |    38 ||   150
         Searing Ray       |     1 |     4 |     9 ||    14
         Poisonous Vapours |       |    32 |    21 ||    53
         Fulminant Prism   |       |       |    12 ||    12
  Evoke: Wand              |       |       |     2 ||     2
    Use: Scroll            |       |     3 |     1 ||     4
   Stab: Sleeping          |     5 |     8 |       ||    13
 Armour: Robe              |     1 |    21 |    28 ||    50
  Dodge: Dodged            |    28 |    55 |    74 ||   157

Table legend: (Time is in decaauts)
 A = Elapsed time spent in this place.
 B = Non-inter-level travel time spent in this place.
 C = Inter-level travel time spent in this place.
 D = Time resting spent in this place.
 E = Time spent auto-exploring this place.
 F = Levels seen in this place.
 G = Mean time per level.
                   A        B        C        D        E       F      G
               +--------+--------+--------+--------+--------+-----+--------+
         Total |   7483 |   7194 |    289 |   1930 |   3970 |   8 |  935.4 |
       Dungeon |   7424 |   7144 |    280 |   1930 |   3929 |   7 | 1060.6 |
        Temple |     58 |     49 |      9 |      0 |     41 |   1 |   58.0 |
               +--------+--------+--------+--------+--------+-----+--------+

Top non-repeatable levels by time:
     D:5: 1518 daAuts
     D:6: 1410 daAuts
     D:1: 1386 daAuts
     D:2: 1361 daAuts
     D:4: 950 daAuts
     D:3: 768 daAuts
  Temple: 58 daAuts
     D:7: 28 daAuts
